 Dungeon Crawl Stone Soup version 0.30.0-17-ge0270778cf (webtiles) character file.

Game seed: 14914687517696972181

2553427 Chodeload the Conqueror (level 27, 174/174 HPs)
             Began as a Vine Stalker Wanderer on May 20, 2023.
             Was the Champion of Wu Jian.
             Escaped with the Orb
             ... and 4 runes on May 22, 2023!
             The game lasted 07:24:37 (63731 turns).

Chodeload the Conqueror (Vine Stalker Wanderer)    Turns: 63731, Time: 07:24:38

Health: 174/174    AC: 38    Str: 25    XL:     27
Magic:  31/31      EV: 31    Int: 17    God:    Wu Jian [******]
Gold:   5253       SH: 35    Dex: 33    Spells: 23/36 levels left

rFire   + . .        a - +9 double sword (heavy)
rCold   + + .        S - +8 tower shield {reflect}
rNeg    + . .        J - +10 plate armour of Perfidy {Will+ Str+2 Dex+3}
rPois   +            e - +2 helmet {Int+3}
rElec   +            Y - scarf "Qebbonif" {rC+ rF+, SInv}
rCorr   +            Z - +0 pair of gloves "Geuc" {Regen+ rCorr Int+3 Slay-3}
SInv    +            W - +3 pair of seven-league boots {Rampage+∞}
Will    +++++        N - macabre finger necklace {Finger+ rN+}
Stlth   ++           h - ring of the Hare {EV+10}
HPRegen 2.09/turn    M - ring of Zenacrics {Str+3 Int-3 Dex+6 Slay+3}
MPRegen 0.22/turn    L - ring "Visyxius" {rElec rPois rC+ Int+5 Stlth+}

%: reflection, guardian spirit, rampage+∞
@: studying 5 skills
A: fangs 3, regeneration 1, magic shield, antimagic bite, no potion heal 2,
clumsy 1, strong-willed 1, mutation resistance 1, wild magic 1
0: Orb of Zot
}: 4/15 runes: serpentine, barnacled, slimy, silver
a: Renounce Religion, Wall Jump, Serpent's Lash, Heavenly Storm


You escaped.
You worshipped Wu Jian.
Wu Jian was exalted by your worship.
You visited 12 branches of the dungeon, and saw 56 of its levels.
You visited the Abyss 1 time.
You visited 1 bazaar.
You visited 1 ziggurat, and saw 15 of its levels.
You also visited: Trove, Sewer, Ossuary, Bailey, Ice Cave, Volcano and Wizlab.

You collected 9585 gold pieces.
You spent 4332 gold pieces at shops.

Inventory:

Hand Weapons
 a - a +9 heavy double sword (weapon)
 b - a +9 vampiric scimitar
 c - a +9 eudemon blade of holy wrath
 d - the +10 zealot's sword {holy, Zealotry, *Rage rN+ EV+3}
   (You took it off a deep elf demonologist on level 3 of the Elven Halls)

   Zealotry:  Whenever the wielder enters a berserk rage, their allies are
   berserked alongside them.
   EV:        It affects your evasion (+3).
   rN:        It protects you from negative energy.
   *Rage:     It berserks you when you make melee attacks (+20% chance).
Missiles
 f - 4 silver javelins
 x - 4 throwing nets (quivered)
 T - 16 boomerangs of dispersal
Armour
 e - a +2 helmet of intelligence (worn)
 J - the +10 plate armour of Perfidy (worn) {Will+ Str+2 Dex+3}
   (You found it on level 2 of the Depths)

   Str:       It affects your strength (+2).
   Dex:       It affects your dexterity (+3).
   Will:      It increases your willpower.
 S - a +8 tower shield of reflection (worn)
 W - the +3 pair of seven-league boots (worn) {Rampage+∞}
   (You found it on level 1 of the Depths)

   Rampage+∞: When moving toward enemies, its wearer moves as far as possible,
   alerting their target en route.
 Y - the scarf "Qebbonif" (worn) {rC+ rF+, SInv}
   (You acquired it on level 8 of a ziggurat)

   SInv:      It lets you see invisible.
 Z - the +0 pair of gloves "Geuc" (worn) {Regen+ rCorr Int+3 Slay-3}
   (You found it on level 1 of the Depths)

   Int:       It affects your intelligence (+3).
   Slay:      It affects your accuracy & damage with ranged weapons and melee
   (-3).
   Regen:     It increases your rate of health regeneration.
   rCorr:     It protects you from acid and corrosion.
Jewellery
 h - the ring of the Hare (left hand) {EV+10}
   (You took it off a deep elf annihilator on level 5 of the Vaults)

   [ring of evasion]

   EV:        It affects your evasion (+10).
 n - a ring of flight
 t - a ring of protection from fire
 v - the ring "Esonlomn" {+Blink Str+6 Dex+3}
   (You found it on level 4 of a ziggurat)

   [ring of strength]

   Str:       It affects your strength (+6).
   Dex:       It affects your dexterity (+3).
   +Blink:    It lets you blink.
 w - the ring "Orghoff Veex" {rC++ rN+++ Str-5 SInv}
   (You found it in a wizard's laboratory)

   [ring of see invisible]

   Str:       It affects your strength (-5).
   rC:        It greatly protects you from cold.
   rN:        It renders you almost immune to negative energy.
   SInv:      It lets you see invisible.
 y - the ring "Lylaepli" {rElec AC+4 Str+6 Dex-4 SInv}
   (You found it on level 15 of a ziggurat)

   [ring of protection]

   AC:        It affects your AC (+4).
   Str:       It affects your strength (+6).
   Dex:       It affects your dexterity (-4).
   rElec:     It insulates you from electricity.
   SInv:      It lets you see invisible.
 L - the ring "Visyxius" (on amulet) {rElec rPois rC+ Int+5 Stlth+}
   (You found it on level 12 of a ziggurat)

   [ring of protection from cold]

   Int:       It affects your intelligence (+5).
   rC:        It protects you from cold.
   rElec:     It insulates you from electricity.
   rPois:     It protects you from poison.
   Stlth:     It makes you more stealthy.
 M - the ring of Zenacrics (right hand) {Str+3 Int-3 Dex+6 Slay+3}
   (You found it on level 12 of a ziggurat)

   [ring of dexterity]

   Str:       It affects your strength (+3).
   Int:       It affects your intelligence (-3).
   Dex:       It affects your dexterity (+6).
   Slay:      It affects your accuracy & damage with ranged weapons and melee
   (+3).
 N - the macabre finger necklace (around neck) {Finger+ rN+}
   (You found it on level 1 of the Vaults)

   [amulet of nothing]

   Finger+:   It enables you to equip an extra ring.
   rN:        It protects you from negative energy.
 V - a ring of protection from fire
Wands
 z - a wand of roots (89)
 F - a wand of quicksilver (24)
 H - a wand of digging (28)
Scrolls
 i - 2 scrolls of magic mapping
 m - 13 scrolls of immolation
 o - 7 scrolls of blinking
 r - 10 scrolls of fear
 s - 11 scrolls of poison
 A - 12 scrolls of fog
 O - 29 scrolls of teleportation
 Q - 4 scrolls of butterflies
 U - 4 scrolls of silence
Potions
 g - 8 potions of cancellation
 j - 14 potions of brilliance
 k - 3 potions of might
 l - 7 potions of flight
 p - 13 potions of mutation
 q - 9 potions of ambrosia
 u - 30 potions of curing
 B - 2 potions of haste
 D - 5 potions of berserk rage
 E - 8 potions of attraction
 G - 5 potions of magic
 I - 2 potions of resistance
 K - 2 potions of invisibility
 X - 7 potions of lignification
Miscellaneous
 R - a phantom mirror


   Skills:
 O Level 27 Fighting
 - Level 23.3 Long Blades
 - Level 2.6(3.0) Polearms
 - Level 1.7(2.5) Staves
 - Level 10.0 Ranged Weapons
 + Level 7.2 Throwing
 - Level 17.4 Armour
 - Level 15.0 Dodging
 - Level 16.3 Stealth
 - Level 20.0 Shields
 - Level 5.0 Spellcasting
 - Level 12.0 Translocations
 - Level 10.1 Evocations


You had 23 spell levels left.
You knew the following spells:

 Your Spells              Type           Power      Damage    Failure   Level
a - Apportation           Tloc           100%       N/A       2%          1
b - Blink                 Tloc           100%       N/A       3%          2
c - Statue Form           Tmut/Erth      3%         N/A       100%        6
d - Manifold Assault      Tloc           55%        N/A       16%         4

Your spell library contained the following spells:

 Spells                   Type           Power      Damage    Failure   Level
 Gell's Gravitas          Tloc           55%        N/A       5%          3
 Teleport Other           Tloc           55%        N/A       5%          3
 Passage of Golubria      Tloc           55%        N/A       16%         4
 Momentum Strike          Conj/Tloc      64%        3d9       26%         2
 Portal Projectile        Hex/Tloc       64%        N/A       45%         3
 Volatile Blastmotes      Fire/Tloc      64%        2d15      45%         3
 Iskenderun's Mystic Bla  Conj/Tloc      32%        2d8       83%         4
 Beastly Appendage        Tmut           10%        N/A       87%         1
 Foxfire                  Conj/Fire      20%        2x1d5     87%         1
 Freeze                   Ice            20%        1d4       87%         1
 Kiss of Death            Conj/Necr      20%        2d7       87%         1
 Magic Dart               Conj           20%        1d4       87%         1
 Shock                    Conj/Air       20%        1d4       87%         1
 Sting                    Tmut/Pois      20%        1d4       87%         1
 Summon Small Mammal      Summ           20%        N/A       87%         1
 Dispersal                Tloc           27%        N/A       89%         6
 Call Imp                 Summ           10%        N/A       95%         2
 Cigotuvi's Dreadful Rot  Necr/Pois/Air  10%        N/A       95%         2
 Ensorcelled Hibernation  Hex/Ice        10%        N/A       95%         2
 Poisonous Vapours        Pois/Air       10%        N/A       95%         2
 Scorch                   Fire           10%        2d5       95%         2
 Searing Ray              Conj           10%        2d4       95%         2
 Static Discharge         Conj/Air       10%        2-3/arc   95%         2
 Wereblood                Tmut           5%         N/A       95%         2
 Call Canine Familiar     Summ           5%         N/A       99%         3
 Confusing Touch          Hex            5%         N/A       99%         3
 Dazzling Flash           Conj/Hex       10%        N/A       99%         3
 Frozen Ramparts          Ice            10%        1d2       99%         3
 Hailstorm                Conj/Ice       5%         3d4       99%         3
 Ignite Poison            Fire/Tmut/Pois 5%         N/A       99%         3
 Inner Flame              Hex/Fire       5%         N/A       99%         3
 Mephitic Cloud           Conj/Pois/Air  5%         N/A       99%         3
 Ozocubu's Armour         Ice            5%         N/A       99%         3
 Spider Form              Tmut/Pois      5%         N/A       99%         3
 Summon Guardian Golem    Hex/Summ       5%         N/A       99%         3
 Swiftness                Air            5%         N/A       99%         3
 Tukima's Dance           Hex            5%         N/A       99%         3
 Summon Forest            Summ/Tloc      16%        N/A       99%         5
 Airstrike                Air            2%         2d(1-17)  100%        4
 Anguish                  Hex/Necr       2%         N/A       100%        4
 Animate Armour           Summ/Erth      10%        N/A       100%        4
 Cause Fear               Hex            2%         N/A       100%        4
 Dispel Undead            Necr           5%         3d7       100%        4
 Flame Wave               Conj/Fire      5%         2d5       100%        4
 Fulminant Prism          Conj/Hex       2%         3d5       100%        4
 Ice Form                 Ice/Tmut       5%         N/A       100%        4
 Leda's Liquefaction      Hex/Erth       2%         N/A       100%        4
 Olgreb's Toxic Radiance  Pois           5%         N/A       100%        4
 Petrify                  Tmut/Erth      5%         N/A       100%        4
 Sticky Flame             Conj/Fire      5%         2d3       100%        4
 Summon Ice Beast         Ice/Summ       5%         N/A       100%        4
 Summon Lightning Spire   Summ/Air       5%         N/A       100%        4
 Agony                    Necr           5%         N/A       100%        5
 Alistair's Intoxication  Tmut/Pois      3%         N/A       100%        5
 Blade Hands              Tmut           2%         N/A       100%        5
 Borgnjor's Vile Clutch   Necr/Erth      2%         N/A       100%        5
 Fireball                 Conj/Fire      2%         3d4       100%        5
 Irradiate                Conj/Tmut      2%         3d12      100%        5
 Iskenderun's Battlesphe  Conj           5%         2d6       100%        5
 Lee's Rapid Deconstruct  Erth           2%         3d5*      100%        5
 Metabolic Englaciation   Hex/Ice        2%         N/A       100%        5
 Silence                  Hex/Air        2%         N/A       100%        5
 Summon Mana Viper        Hex/Summ       5%         N/A       100%        5
 Death Channel            Necr           2%         N/A       100%        6
 Eringya's Noxious Bog    Tmut/Pois      2%         N/A       100%        6
 Iron Shot                Conj/Erth      2%         9d2       100%        6
 Plasma Beam              Fire/Air       2%         2x1d14    100%        6
 Simulacrum               Ice/Necr       2%         N/A       100%        6
 Starburst                Conj/Fire      2%         6d3       100%        6
 Summon Cactus Giant      Summ           2%         N/A       100%        6
 Dragon Form              Tmut           2%         N/A       100%        7
 Malign Gateway           Summ/Tloc      16%        N/A       100%        7
 Monstrous Menagerie      Summ           2%         N/A       100%        7
 Orb of Destruction       Conj           2%         9d5       100%        7
 Ozocubu's Refrigeration  Ice            2%         4d8       100%        7
 Spellforged Servitor     Conj/Summ      2%         N/A       100%        7
 Storm Form               Tmut/Air       2%         N/A       100%        7
 Summon Hydra             Summ           2%         N/A       100%        7
 Borgnjor's Revivificati  Necr           2%         N/A       100%        8
 Discord                  Hex            2%         N/A       100%        8
 Ignition                 Fire           2%         3d3       100%        8
 Lehudib's Crystal Spear  Conj/Erth      2%         10d2      100%        8
 Necromutation            Tmut/Necr      2%         N/A       100%        8
 Summon Horrible Things   Summ           2%         N/A       100%        8
 Death's Door             Necr           2%         N/A       100%        9
 Dragon's Call            Summ           2%         N/A       100%        9
 Polar Vortex             Ice            2%         N/A       100%        9


Dungeon Overview and Level Annotations

Branches:
Dungeon (15/15)            Temple (1/1) D:4            Lair (5/5) D:10
 Shoals (4/4) Lair:2        Snake (4/4) Lair:2        Slime (5/5) Lair:5
    Orc (2/2) D:12            Elf (3/3) Orc:2        Vaults (5/5) D:13
  Crypt (3/3) Vaults:2       Tomb (0/3) Crypt:3      Depths (4/4) D:15
    Zot (5/5) Depths:4      Sewer (visited)         Ossuary (visited)
 Bailey (visited)           IceCv (visited)         Volcano (visited)
 WizLab (visited)

Altars:
Ashenzari
Cheibriados
Dithmenos
Elyvilon
Fedhas
Hepliaklqana
Kikubaaqudgha
Makhleb
Ru
Sif Muna
Wu Jian
The Shining One
Jiyva

Shops:
D:5 =   Orc:1 *   Orc:2 (![((   Elf:3 *   Shoals:1 :   Snake:1 :!=*
Snake:4 ?**([   Vaults:1 [   Vaults:3 (   Vaults:4 [   Zot:1 *

Portals:
Hell: Depths:1 Depths:2 Depths:3 Depths:4
Abyss: Depths:1 Depths:2 Depths:3
Pandemonium: Depths:2

Annotations:
D:11 exclusion: downstairs
D:12 exclusion: downstairs
Lair:2 exclusion: downstairs
Shoals:3 Mlioglotl
Snake:2 exclusion: 2 downstairs
Snake:3 exclusion: downstairs
Slime:4 exclusion: downstairs
Vaults:4 exclusion: 3 downstairs
Crypt:1 2 transporters, exclusions: downstairs and orange crystal statue, Jetyrhek's ghost, veteran GrEE; Vailuoroe's ghost, veteran GrEE
Depths:1 exclusion: downstairs
Depths:3 exclusion: 2 downstairs
Zot:1 exclusion: downstairs
Zot:2 exclusion: downstairs
Zot:4 exclusion: downstairs


Innate Abilities, Weirdness & Mutations

You have razor-sharp teeth.
Your natural rate of healing is unusually fast.
When hurt, damage is shared between your health and your magic reserves.
Your bite disrupts and absorbs the magic of your enemies.
Potions cannot restore your health.
You are clumsy. (Dex -2)
You are strong-willed. (Will+)
You are somewhat resistant to further mutation.
Your spells are a little harder to cast, but a little more powerful.


Message History

You cut the Orb Guardian into ribbons!!!!
You kill the Orb Guardian!
The Council accepts your kill.
(D) Dungeon (T) Temple (L) Lair (A) Shoals (P) Snake Pit (M) Slime Pits (O) Orcish Mines (E) Elven Halls (V) Vaults (C) Crypt (W) Tomb (U) Depths (H) Hell (Z) Zot
Where to? (Enter - D:1, ? - help)
What level of the Dungeon? (default 1, ? - help)
A chaos spawn comes into view.
There is a stone staircase leading up, spattered with blood here.
You climb upwards.
There is a stone staircase leading down, spattered with blood here.
(D) Dungeon (T) Temple (L) Lair (A) Shoals (P) Snake Pit (M) Slime Pits (O) Orcish Mines (E) Elven Halls (V) Vaults (C) Crypt (W) Tomb (U) Depths (H) Hell (Z) Zot
Where to? (Enter - D:1, ? - help)
What level of the Dungeon? (default 1, ? - help)
There is a stone staircase leading up here.
You see here a +0 helmet.
You climb upwards.
There is a stone staircase leading down here.
There is an open door here.
There is a stone staircase leading up here.
You climb upwards.
There is a stone staircase leading down here.
Aiming: Dig
Press: ? - help, Shift-Dir - straight line A rock wall.
This square is covered in magical glow.
The rock shatters into small pieces.
Aiming: Dig
Press: ? - help, Shift-Dir - straight line A rock wall.
This square is covered in magical glow.
The rock shatters into small pieces.
There is a staircase leading out of the dungeon here.
You see here a +0 dagger.
You have escaped!

#.#.# #.##.#.# #.#.#
#.##.#.# #.#.# #.##.#.#
#.#.# #......# ###### #.#.#
#..#.### #.....
#.#.####..#.# #.###.
#.#....#..#.# #.# #.
#.#.##....#.#####.# #.
#.#..@>#..#.......###.
#######.######...........##.
#.......# #.###..........
#.####### #.# #.#####.#.#
#.# #.###.# #.#.# #.#
#.....# #.#.# #.# #######
#.#.# #.# #.#.#
#.############ #####.#.#


There were no monsters in sight!

Vanquished Creatures
  the Royal Jelly (Slime:5)
  Dissolution (Slime:4)
  5 dread liches
  Khufu (Crypt:3)
  7 orbs of fire (Zot:5)
  4 ancient liches
  Mara (Depths:3)
  Mennas (Vaults:3)
  2 royal mummies (Crypt:3)
  Josephina (Zot:4)
  3 shard shrikes (Depths:3)
  Boris (twice) (Vaults:5 Crypt:1)
  Vv (Crypt:1)
  3 Killer Klowns (Zot:5)
  Frederick (Vaults:3)
  5 caustic shrikes
  Xtahua (Vaults:2)
  2 curse toes (Zot:3)
  2 profane servitors
  12 golden dragons
  Jory (Vaults:4)
  Nikola (Shoals:2)
  the Enchantress (Depths:3)
  2 bone dragons (Zig:8)
  A Hellbinder (WizLab)
  A doom hound (Zig:8)
  A Brimstone Fiend (Depths:1)
  2 electric golems (Zot:5)
  A hellephant (Zig:12)
  Zenata (Vaults:4)
  Jorgrun (Shoals:2)
  2 liches
  26 Orb Guardians
  13 tentacled monstrosities
  Rupert (D:13)
  A shard shrike skeleton (Crypt:3)
  Asterion (Vaults:1)
  5 titans (Vaults:5)
  2 tainted leviathans (Zig:8)
  22 acid blobs
  3 deep elf master archers (Elf:3)
  2 deep elf blademasters
  4 death cobs
  6 quicksilver dragons
  A walking frostbound tome (Depths:1)
  Polyphemus (Shoals:1)
  8 sphinxes
  An Executioner (Depths:4)
  Kirke (Snake:1)
  2 ancient champions
  6 draconian monks
  4 revenants
  Roxanne (Shoals:3)
  10 shadow dragons
  11 azure jellies
  Donald (Shoals:1)
  20 rockslimes
  9 tengu reavers
  14 storm dragons
  Ilsuiw (Shoals:3)
  2 fenstrider witches (Zig:10)
  2 daevas
  8 draconian knights
  6 balrugs
  6 nagarajas
  An iron dragon (Vaults:5)
  22 vault wardens
  9 frost giants
  9 fire giants
  10 draconian shifters
  A caustic shrike zombie (Depths:3)
  13 deep elf sorcerers
  4 ghost moths
  Louise (Depths:1)
  A curse skull (Crypt:2)
  8 draconian annihilators
  Aizul (Shoals:1)
  A ghoul (Zig:11)
  5 deep elf elementalists
  22 quicksilver oozes
  4 draconian scorchers
  A reaper (Crypt:3)
  21 ironbound preservers
  4 orc warlords
  7 draconian stormcallers
  12 very ugly things
  17 stone giants
  7 spriggan defenders
  A caustic shrike skeleton (Crypt:1)
  7 war gargoyles
  15 green draconians
  10 ironbound thunderhulks
  3 putrid mouths (Zig:8)
  An eleionoma (Zig:6)
  13 dire elephants
  11 vampire knights
  10 deep elf demonologists
  9 deep elf annihilators
  3 lorocyprocas (WizLab)
  9 red draconians
  13 black draconians
  2 bunyips (Zig:6)
  13 yellow draconians
  14 white draconians
  A blizzard demon (Depths:1)
  12 purple draconians
  2 spark wasps (D:15)
  11 deep elf death magi
  7 eidola
  10 merfolk javelineers
  18 jiangshi
  8 merfolk impalers
  8 ettins
  A crystal guardian (Vaults:1)
  4 entropy weavers
  A shambling mangrove (Zig:6)
  An entropy weaver (shapeshifter) (D:15)
  A rakshasa (Depths:2)
  9 deep elf high priests
  3 green deaths
  11 yaktaur captains
  9 fire dragons
  15 great orbs of eyes
  2 spriggan zombies (Crypt:3)
  The ghost of viagra the Severer, a journeyman MiBe of Trog (Lair:1)
  2 quicksilver dragon skeletons
  18 hydras
  2 salamander tyrants (Snake:4)
  5 spriggan air magi
  14 centaur warriors
  2 ogre magi (Vaults:5)
  5 peacekeepers
  36 vault guards
  A catoblepas (shapeshifter) (Vaults:5)
  12 ice dragons
  12 ironbound frosthearts
  6 catoblepae
  7 merfolk avatars
  A fenstrider witch skeleton (Crypt:3)
  5 merfolk aquamancers
  11 anacondas
  8 boulder beetles
  33 dancing weapons
  Erica (D:8)
  4 alligator snapping turtles
  9 death yaks
  5 two-headed ogres
  12 deep troll shamans
  A satyr (Zig:2)
  An alligator (Zig:10)
  12 naga warriors
  17 deep troll earth magi
  4 tengu warriors
  2 spriggan berserkers
  14 vampire magi
  A two-headed ogre (shapeshifter) (Vaults:5)
  Urug (D:13)
  15 naga sharpshooters
  9 shock serpents
  A titan zombie (Crypt:3)
  16 hell knights
  20 deep elf knights
  Sonja (D:12)
  2 hell hogs
  A titan skeleton (Crypt:2)
  3 orc high priests (Orc:2)
  4 soul eaters
  A sun demon (Depths:4)
  2 shadow wraiths (Crypt:2)
  3 skysharks
  A sixfirhy (D:8)
  A storm dragon skeleton (Depths:1)
  Amaemon (Lair:2)
  Nergalle (D:12)
  A bunyip zombie (Crypt:3)
  An anaconda zombie (Crypt:3)
  10 iron trolls
  83 deep trolls
  3 goliath frogs
  8 salamander mystics
  39 skeletal warriors
  A spriggan druid (Zig:10)
  8 flayed ghosts
  16 sea snakes
  7 glowing orange brains
  14 ironbound convokers
  2 swamp dragons (Zig:10)
  A tengu zombie (Vaults:1)
  10 deep elf archers
  14 lindwurms
  23 phantasmal warriors
  2 orange crystal statues
  3 naga ritualists
  12 mana vipers
  4 obsidian statues
  11 wizards
  A golden dragon skeleton (Crypt:3)
  9 necromancers
  7 harpies
  32 deep elf zephyrmancers
  3 tengu skeletons
  15 orc knights
  34 deep elf pyromancers
  27 ugly things
  An iron dragon zombie (Crypt:3)
  2 orc sorcerers (Orc:1)
  4 large abominations
  A fire giant zombie (Vaults:5)
  15 manticores
  15 salamanders
  8 shining eyes
  2 sphinx skeletons
  A shining eye (shapeshifter) (Zig:4)
  A moth of wrath (shapeshifter) (Zig:1)
  19 elephants
  4 fauns
  A fire giant skeleton (Depths:1)
  A will-o-the-wisp (Zig:10)
  21 moths of wrath
  13 cyclopes
  2 stone giant skeletons
  2 dire elephant zombies
  An iron dragon skeleton (Crypt:1)
  9 merfolk sirens
  143 slime creatures
  8 human skeletons
  4 rust devils (WizLab)
  29 black mambas
  12 guardian serpents
  5 water nymphs
  15 eyes of devastation
  2 apocalypse crabs (Zig:5)
  14 naga magi
  A black mamba (shapeshifter) (Elf:2)
  A molten gargoyle (Volcano)
  18 vault sentinels
  A torpor snail (Zig:12)
  12 cane toads
  A titan simulacrum (Depths:3)
  9 orange demons
  2 smoke demons (WizLab)
  2 gargoyles
  4 ice statues
  A cane toad (shapeshifter) (Elf:1)
  An unseen horror (Depths:2)
  11 komodo dragons
  6 swamp worm zombies (Crypt:2)
  2 yaktaur zombies (Vaults:3)
  An efreet (D:14)
  A freezing wraith (Crypt:1)
  A komodo dragon (shapeshifter) (D:13)
  5 rime drakes
  33 yaktaurs
  A spark wasp simulacrum (Depths:3)
  2 catoblepas zombies
  A grey draconian zombie (Crypt:1)
  A hellion (WizLab)
  A purple draconian skeleton (Crypt:3)
  2 yaktaur skeletons
  2 elf skeletons
  A red devil (WizLab)
  2 trolls (Orc:2)
  A catoblepas skeleton (Crypt:2)
  2 harpy zombies (Crypt:3)
  A wind drake (shapeshifter) (Elf:2)
  8 hornets
  38 merfolk
  Prince Ribbit (Bailey)
  A merfolk (shapeshifter) (Zig:4)
  A tengu simulacrum (Depths:3)
  Grinder (D:5)
  A hornet (shapeshifter) (Vaults:5)
  13 snapping turtles
  A sphinx simulacrum (Depths:3)
  6 wind drakes
  11 dream sheep
  A raiju (shapeshifter) (Vaults:5)
  23 blink frogs
  A fire giant simulacrum (Vaults:3)
  3 ettin zombies
  2 frost giant simulacra
  An iron dragon simulacrum (Depths:1)
  A culicivora (Vaults:2)
  Sigmund (D:4)
  3 vampires
  2 draconian simulacra (Zot:4)
  7 spriggans
  2 air elementals (Elf:1)
  17 wraiths
  10 wyverns
  2 ynoxinuls (WizLab)
  30 water elementals
  An alligator skeleton (Crypt:2)
  8 humans
  37 yaks
  4 hogs (Snake:1)
  6 fire bats (Volcano)
  5 basilisks
  5 chaos spawn
  A neqoxec (WizLab)
  5 fire elementals
  9 golden eyes
  4 vampire mosquitoes (D:15)
  5 redbacks
  A white draconian simulacrum (Zot:4)
  2 steam dragons
  6 wargs
  45 nagas
  A naga zombie (Crypt:3)
  A demonspawn zombie (Crypt:3)
  19 water moccasins
  An ogre skeleton (Vaults:2)
  A glowing shapeshifter zombie (Vaults:1)
  2 moth of wrath simulacra (Zot:4)
  A floating eye (Zig:14)
  A demonspawn skeleton (Crypt:1)
  40 orc warriors
  A glowing shapeshifter skeleton (Depths:1)
  Pargi (Sewer)
  An ice beast (D:8)
  A snapping turtle zombie (Crypt:3)
  A deep troll simulacrum (Vaults:3)
  2 black bears
  8 ogres
  A sky beast (D:7)
  11 centaurs
  6 wolves (Lair:3)
  3 boggarts (D:15)
  A lindwurm skeleton (Crypt:2)
  A phantom (D:4)
  3 kobold brigands
  2 salamander zombies (Crypt:1)
  22 bullfrogs
  2 gnoll sergeants
  An earth elemental (Elf:3)
  A salamander skeleton (Crypt:1)
  A glowing shapeshifter simulacrum (Depths:3)
  3 scorpions
  8 small abominations (Depths:2)
  6 wights (D:8)
  2 lindwurm simulacra (IceCv)
  17 killer bees
  11 electric eels
  4 howler monkeys
  6 lava snakes (Volcano)
  5 komodo dragon simulacra (IceCv)
  A basilisk zombie (Crypt:3)
  2 hounds
  4 jellies
  12 orc priests
  2 centaur zombies
  3 gnoll boudas
  3 sleepcaps (D:5)
  Natasha (thrice) (D:4)
  4 iguanas
  28 orc wizards
  A boggart zombie (Crypt:2)
  A polar bear simulacrum (Lair:2)
  2 wolf simulacra (Lair:2)
  An ogre zombie (Crypt:3)
  A hound zombie (Crypt:2)
  5 mummies
  30 gnolls
  7 acid dragon simulacra (IceCv)
  4 adders
  3 white imps
  2 ufetubi (D:6)
  7 steam dragon simulacra (IceCv)
  4 worms
  4 dart slugs
  91 orcs
  5 ball pythons
  10 bats
  6 endoplasms
  4 giant cockroaches
  8 hobgoblins
  4 jackals
  3 quokkas
  A ball python zombie (Crypt:2)
  4 frilled lizards
  11 goblins
  A goblin zombie (Ossuary)
  2 hobgoblin zombies (Ossuary)
  21 kobolds
  A kobold zombie (Ossuary)
  3 orc zombies (Ossuary)
  12 rats
2806 creatures vanquished.

Vanquished Creatures (others)
  A demonspawn blood saint (WizLab)
  A white draconian (Zot:1)
  A naga sharpshooter (Snake:2)
  2 humans (D:13)
  A quokka (Depths:4)
6 creatures vanquished.

Grand Total: 2812 creatures vanquished

Notes
Turn   | Place    | Note
-------+----------+-------------------------------------------
     0 | D:1      | Chodeload the Vine Stalker Wanderer began the quest for the
                  | Orb.
     0 | D:1      | Chodeload set off with the following items: a +2 spear, a
                  | +0 quarterstaff, 11 poisoned darts, a +0 dagger, a potion
                  | of lignification, a +0 leather armour.
     0 | D:1      | Reached XP level 1. HP: 10/10 MP: 2/2
    71 | D:1      | Reached XP level 2. HP: 12/14 MP: 3/3
   431 | D:1      | Reached XP level 3. HP: 17/18 MP: 4/4
   438 | D:1      | Reached skill level 2 in Fighting
   740 | D:1      | Found a faded altar of an unknown god.
  1818 | D:3      | Found a shimmering blue altar of Sif Muna.
  1874 | D:3      | Gained mutation: Your natural rate of healing is unusually
                  | fast. [Vine Stalker growth]
  1874 | D:3      | Reached XP level 4. HP: 23/23 MP: 5/5
  2526 | D:4      | Found an ornate altar of the Wu Jian Council.
  2534 | D:4      | Became a worshipper of the Wu Jian Council
  2609 | D:4      | Noticed a steam dragon
  2637 | D:3      | Reached skill level 1 in Shields
  2702 | D:4      | Noticed a phantom
  2726 | D:4      | Killed a phantom
  2727 | D:4      | Reached skill level 3 in Fighting
  2727 | D:4      | Reached skill level 1 in Long Blades
  2727 | D:4      | Reached XP level 5. HP: 28/28 MP: 6/6
  2791 | D:4      | Noticed an ogre
  2797 | D:4      | Killed an ogre
  2797 | D:4      | Noticed an ogre
  2798 | D:4      | Reached XP level 6. HP: 32/32 MP: 7/7
  2880 | D:4      | Found a staircase to the Ecumenical Temple.
  2915 | Temple   | Entered the Ecumenical Temple
  2945 | D:4      | Found a glowing golden altar of the Shining One.
  2948 | D:4      | Noticed Natasha
  2956 | D:4      | Killed Natasha
  3130 | D:5      | Entered Level 5 of the Dungeon
  3229 | D:5      | Reached skill level 4 in Fighting
  3248 | D:5      | Reached XP level 7. HP: 37/37 MP: 8/8
  3353 | D:5      | Reached * piety under Wu Jian
  3369 | D:5      | Found a shadowy altar of Dithmenos.
  3432 | D:5      | Found a glowing drain.
  3462 | Sewer    | Entered a sewer
  3491 | Sewer    | Noticed Pargi
  3504 | Sewer    | Killed Pargi
  3505 | Sewer    | Gained mutation: You have razor-sharp teeth. [Vine Stalker
                  | growth]
  3505 | Sewer    | Reached XP level 8. HP: 30/42 MP: 4/9
  3560 | D:5      | Noticed Grinder
  3720 | D:4      | You fall into a shaft and drop 2 floors!
  3742 | D:6      | Reached skill level 5 in Fighting
  3799 | D:6      | Reached ** piety under Wu Jian
  3886 | D:5      | Killed Grinder
  3915 | D:5      | Found Raank's Jewellery Shoppe.
  3978 | D:5      | Reached skill level 5 in Shields
  4050 | D:5      | Reached skill level 5 in Long Blades
  4286 | D:4      | Noticed Sigmund
  4294 | D:4      | Killed Sigmund
  4295 | D:4      | Reached skill level 6 in Fighting
  4354 | D:4      | Reached XP level 9. HP: 48/48 MP: 10/10
  4375 | D:4      | Noticed Natasha
  4382 | D:4      | Killed Natasha
  4520 | D:4      | Noticed Natasha
  4562 | D:4      | Killed Natasha
  5177 | D:6      | Reached *** piety under Wu Jian
  5330 | D:6      | Reached skill level 7 in Fighting
  5484 | D:6      | Noticed Edmund
  5486 | D:6      | Edmund changed into Edmund the adder
  5486 | D:6      | Noticed Edmund
  5490 | D:6      | Killed Edmund the adder
  5774 | D:8      | Noticed a troll
  5777 | D:8      | a troll changed into an ice beast
  5807 | D:8      | Found a burning altar of Makhleb.
  5855 | D:8      | Noticed Erica
  5892 | D:8      | Killed Erica
  5892 | D:8      | Reached **** piety under Wu Jian
  5893 | D:8      | Reached skill level 8 in Fighting
  5893 | D:8      | Reached XP level 10. HP: 21/56 MP: 11/11
  6007 | D:8      | Found a sand-covered staircase.
  6014 | Ossuary  | Entered an ossuary
  6306 | D:8      | Identified the +1 pair of gloves "Wynkul" {rPois Int+2}
  6332 | D:8      | Found a runed translucent door.
  6333 | D:8      | Noticed a sixfirhy
  6587 | D:7      | Reached skill level 1 in Dodging
  6811 | D:7      | Reached ***** piety under Wu Jian
  7019 | D:9      | Reached skill level 9 in Fighting
  7050 | D:9      | Found a snail-covered altar of Cheibriados.
  7198 | D:9      | Noticed a two-headed ogre
  7207 | D:9      | Killed a two-headed ogre
  7217 | D:9      | Identified the +1 robe of the Devil's Team {MP+9}
  7344 | D:9      | Found a hazy altar of Hepliaklqana.
  7527 | D:10     | Entered Level 10 of the Dungeon
  7540 | D:10     | Noticed a gargoyle
  7562 | D:10     | Noticed a purple ugly thing
  7562 | D:10     | Found a flagged portal.
  7573 | D:10     | Killed a purple ugly thing
  7574 | D:10     | Reached XP level 11. HP: 51/62 MP: 8/12
  7579 | D:10     | Found a blossoming altar of Fedhas.
  7587 | Bailey   | Entered a bailey
  7690 | Bailey   | Noticed a vault guard
  7690 | Bailey   | Noticed Prince Ribbit
  7698 | Bailey   | Noticed a vault guard
  7722 | Bailey   | Killed a vault guard
  7774 | Bailey   | Killed Prince Ribbit
  7786 | Bailey   | Killed a vault guard
  7787 | Bailey   | Reached skill level 10 in Long Blades
  8346 | D:10     | Found a staircase to the Lair.
  8524 | Lair:1   | Entered Level 1 of the Lair of Beasts
  8705 | Lair:2   | Found a frozen archway.
  8723 | IceCv    | Entered an ice cave
  8827 | IceCv    | Reached XP level 12. HP: 66/66 MP: 13/13
  8906 | IceCv    | Reached ****** piety under Wu Jian
  8929 | IceCv    | Identified the +6 great sword of Diossar {freeze, rElec
                  | rF++ rC- Will+ SInv}
  9007 | IceCv    | Noticed an ice dragon
  9015 | IceCv    | Killed an ice dragon
  9334 | Lair:1   | Found a runed translucent gate.
  9334 | Lair:1   | Found a runed translucent gate.
  9336 | Lair:1   | Found a runed translucent gate.
  9337 | Lair:1   | Noticed viagra's ghost (journeyman MiBe)
  9660 | Lair:1   | Reached skill level 1 in Stealth
  9899 | Lair:2   | Noticed a seven-headed hydra
 10025 | Lair:2   | Reached skill level 5 in Stealth
 10224 | Lair:2   | Noticed Amaemon
 10322 | Lair:2   | Killed Amaemon
 10358 | Lair:2   | Reached skill level 10 in Fighting
 10370 | Lair:2   | Reached XP level 13. HP: 72/72 MP: 14/14
 10484 | Lair:2   | Found a staircase to the Shoals.
 10508 | Lair:2   | Found a staircase to the Snake Pit.
 10679 | Lair:2   | Reached skill level 11 in Fighting
 11378 | Lair:3   | Reached skill level 12 in Fighting
 12077 | Lair:3   | Upgraded the game from 0.30.0-15-g856e2d3f33 to
                  | 0.30.0-16-gbe6223bb7e
 12149 | Lair:5   | Entered Level 5 of the Lair of Beasts
 12624 | Lair:4   | Reached skill level 13 in Fighting
 12793 | Lair:4   | Reached skill level 1 in Ranged Weapons
 13199 | Lair:5   | Reached XP level 14. HP: 36/82 MP: 11/15
 13343 | Lair:5   | Found a viscous altar of Jiyva.
 13344 | Lair:5   | Found a staircase to the Slime Pits.
 13773 | Lair:5   | Reached skill level 14 in Fighting
 13776 | Lair:5   | Reached skill level 5 in Ranged Weapons
 14155 | Lair:5   | Identified the +11 short sword of Uleeh {flame, Will+++
                  | rCorr Int-2 Stlth+}
 14381 | D:10     | Found a broken altar of Ashenzari.
 15179 | D:12     | Reached skill level 15 in Fighting
 15371 | D:12     | Noticed Sonja
 15390 | D:12     | Killed Sonja
 15420 | D:12     | Noticed Nergalle
 15427 | D:12     | Killed Nergalle
 15428 | D:12     | Reached skill level 5 in Dodging
 15678 | D:12     | Found a staircase to the Orcish Mines.
 15880 | Orc:1    | Entered Level 1 of the Orcish Mines
 15926 | Orc:1    | Found Zaxt's Overcharged Wands.
 15928 | Orc:2    | Entered Level 2 of the Orcish Mines
 16139 | Orc:2    | Found a dark tunnel.
 16151 | Volcano  | Entered a volcano
 16326 | Volcano  | Noticed a red draconian
 16335 | Volcano  | Found a burning altar of Makhleb.
 16394 | Volcano  | Reached XP level 15. HP: 84/90 MP: 14/16
 16570 | Orc:2    | Found Esic Soff's Distillery.
 16585 | Orc:2    | Bought a potion of might for 64 gold pieces
 16585 | Orc:2    | Bought a potion of might for 64 gold pieces
 16585 | Orc:2    | Bought a potion of berserk rage for 80 gold pieces
 16696 | Orc:2    | Found Ymys's Weapon Boutique.
 16747 | Orc:2    | Found a staircase to the Elven Halls.
 17250 | Orc:2    | Found Lusch's Weapon Shoppe.
 17360 | Orc:2    | Noticed an orc warlord
 17451 | Orc:2    | Killed an orc warlord
 17597 | Orc:2    | Found Keod Ygi's Antique Armour Emporium.
 17601 | Orc:2    | Found Emofeph's Antique Weapon Shoppe.
 17618 | Orc:2    | Bought a bloodstained chain mail for 332 gold pieces
 17618 | Orc:2    | Identified the +1 chain mail "Qihov" {Contam rPois Int+3
                  | Slay+3} (You bought it in a shop on level 2 of the Orcish
                  | Mines)
 17623 | Orc:2    | Bought a runed buckler for 262 gold pieces
 17725 | Orc:1    | Paralysed by an orc sorcerer for 2 turns
 18290 | D:13     | Noticed Urug
 18300 | D:13     | Killed Urug
 18360 | D:13     | Noticed Rupert
 18382 | D:13     | Killed Rupert
 18383 | D:13     | Reached skill level 5 in Armour
 19093 | D:13     | Found a gate to the Vaults.
 19237 | D:15     | Entered Level 15 of the Dungeon
 20326 | D:15     | Reached skill level 15 in Long Blades
 20343 | D:15     | Reached XP level 16. HP: 95/95 MP: 17/17
 20612 | D:15     | Found an ancient bone altar of Kikubaaqudgha.
 21315 | D:15     | Found a staircase to the Depths.
 21522 | Snake:1  | Entered Level 1 of the Snake Pit
 21853 | Snake:1  | Noticed Kirke
 21993 | Snake:1  | Killed Kirke
 22072 | Snake:1  | Found Eggoth's General Store.
 22072 | Snake:1  | Found Niro's Book Boutique.
 22073 | Snake:1  | Found Yxzoume's Jewellery Shop.
 22077 | Snake:1  | Found Zikk's Distillery.
 22080 | Snake:1  | Bought a scroll of identify for 30 gold pieces
 22084 | Snake:1  | Bought a potion of invisibility for 96 gold pieces
 23683 | Snake:2  | Noticed a nagaraja
 23924 | Snake:1  | Killed a nagaraja
 24319 | Snake:3  | Reached XP level 17. HP: 99/99 MP: 18/18
 25066 | Snake:4  | Entered Level 4 of the Snake Pit
 25511 | Snake:4  | Found Etaent's Magic Scroll Shoppe.
 25515 | Snake:4  | Bought a scroll of enchant armour for 90 gold pieces
 25604 | Snake:4  | Found Ajauciuk's General Store.
 25605 | Snake:4  | Found Kotosaf's Armour Boutique.
 25612 | Snake:4  | Found Feudd's Weapon Shoppe.
 25613 | Snake:4  | Found Owaud's Assorted Antiques.
 25628 | Snake:4  | Bought a potion of might for 56 gold pieces
 25641 | Snake:4  | Bought a grey potion for 25 gold pieces
 26732 | Snake:4  | Reached XP level 18. HP: 81/104 MP: 17/19
 26759 | Snake:4  | Got a serpentine rune of Zot
 26828 | Snake:4  | Bought a knobbly ivory ring for 140 gold pieces
 27167 | D:5      | Bought the ring of the Usurping Hero {rC+ MP+9} for 408
                  | gold pieces
 27322 | Lair:1   | Found a viscous altar of Jiyva.
 27327 | Lair:1   | Killed viagra's ghost
 27409 | Shoals:1 | Entered Level 1 of the Shoals
 27413 | Shoals:1 | Identified the +5 scale mail of the Mashing Gods {rElec
                  | rC++ Will+ Dex-3}
 27466 | Shoals:1 | Found Saeles's Book Shop.
 27577 | Shoals:1 | Noticed Donald
 27589 | Shoals:1 | Killed Donald
 27761 | Shoals:1 | Noticed Aizul
 27781 | Shoals:1 | Killed Aizul
 28162 | Shoals:2 | Noticed Nikola
 28228 | Shoals:2 | Killed Nikola
 28454 | Shoals:2 | Noticed Polyphemus
 28518 | Shoals:1 | Killed Polyphemus
 28730 | Shoals:2 | Noticed Jorgrun
 28742 | Shoals:2 | Killed Jorgrun
 29083 | Shoals:4 | Entered Level 4 of the Shoals
 29313 | Shoals:4 | Reached skill level 10 in Ranged Weapons
 29388 | Shoals:3 | Noticed Mlioglotl
 29389 | Shoals:3 | Noticed a hellephant
 29574 | Shoals:3 | Reached skill level 10 in Shields
 29858 | Shoals:3 | Noticed Ilsuiw
 30120 | Elf:1    | Entered Level 1 of the Elven Halls
 30464 | Elf:1    | Paralysed by an air elemental for 1 turns
 30467 | Elf:1    | Paralysed by an air elemental for 1 turns
 30861 | Elf:1    | Reached skill level 16 in Fighting
 30922 | Elf:1    | Reached XP level 19. HP: 109/109 MP: 20/20
 31554 | Elf:1    | Got the Vellum of the Voyage and Spectres
 31615 | Elf:1    | Identified the +10 flail of Healing Slow Death {venom,
                  | rPois rC+ rCorr Dex+3}
 31645 | Elf:2    | Paralysed by an air elemental for 1 turns
 31972 | Elf:3    | Entered Level 3 of the Elven Halls
 32319 | Elf:2    | Found a runed translucent gate.
 32319 | Elf:2    | Found a runed translucent gate.
 32319 | Elf:2    | Found a runed translucent gate.
 32401 | Elf:2    | Found a shimmering blue altar of Sif Muna.
 32701 | Elf:2    | Reached skill level 10 in Dodging
 33654 | Elf:3    | Found Uwnugeq's CLEARANCE SALE!.
 33661 | Elf:3    | Bought a potion of berserk rage for 35 gold pieces
 34313 | Elf:3    | Reached XP level 20. HP: 107/114 MP: 18/21
 34382 | Elf:3    | Reached skill level 10 in Armour
 34611 | Vaults:1 | Entered Level 1 of the Vaults
 34614 | Vaults:1 | Identified the +11 glaive of Omugaex {drain, rN+ Dex+3}
 34791 | Vaults:1 | Identified 2 scrolls of acquirement
 34800 | Vaults:1 | Reached skill level 10 in Stealth
 34800 | Vaults:1 | Found a flickering gateway to a bazaar.
 34821 | Vaults:1 | Acquired the ring of Guforch {rPois rF- rC++ rCorr}
 34831 | Vaults:1 | Acquired the +4 cloak of the Orange Skies {Will+}
 34846 | Bazaar   | Entered a bazaar
 34848 | Bazaar   | Found Assiekk's Magic Scroll Shoppe.
 34866 | Bazaar   | Found Vikuvi's Assorted Antiques.
 34875 | Bazaar   | Found Sapnyq's Weapon Boutique.
 34922 | Bazaar   | Found Bixev's Weapon Shop.
 34953 | Bazaar   | Bought a scroll of blinking for 97 gold pieces
 34953 | Bazaar   | Bought a scroll of acquirement for 676 gold pieces
 34953 | Bazaar   | Bought a scroll of fog for 52 gold pieces
 34971 | Bazaar   | Bought a scroll of blinking for 187 gold pieces
 34971 | Bazaar   | Bought a scroll of butterflies for 100 gold pieces
 34971 | Bazaar   | Bought a scroll of enchant weapon for 187 gold pieces
 34979 | Bazaar   | Bought a throwing net for 30 gold pieces
 34998 | Vaults:1 | Acquired the +15 Maxwell's patent armour {-Cast -Tele rElec
                  | Will+ rCorr}
 34998 | Vaults:1 | Found the +15 Maxwell's patent armour {-Cast -Tele rElec
                  | Will+ rCorr}
 35179 | Vaults:1 | Noticed Asterion
 35196 | Vaults:1 | Killed Asterion
 35358 | Vaults:1 | Reached skill level 17 in Fighting
 35361 | Vaults:1 | Identified the +8 whip of Charred Indomitability {distort,
                  | rElec Will- rCorr}
 35368 | Vaults:1 | Found the macabre finger necklace {Finger+ rN+}
 35892 | Vaults:1 | Acquired 1043 gold pieces
 36149 | Vaults:1 | Reached skill level 18 in Fighting
 36196 | Vaults:1 | Found Niebluag's Armour Emporium.
 36537 | Vaults:2 | Reached XP level 21. HP: 115/124 MP: 22/22
 36575 | Vaults:2 | Noticed Xtahua
 36586 | Vaults:2 | Killed Xtahua
 36662 | Vaults:2 | Reached skill level 19 in Fighting
 37196 | Vaults:2 | Found a staircase to the Crypt.
 37304 | Vaults:2 | Reached skill level 20 in Fighting
 37685 | Vaults:3 | Noticed Frederick
 37698 | Vaults:3 | Killed Frederick
 37985 | Vaults:4 | Found a magical portal.
 38000 | WizLab   | Entered The Hall of the Hellbinder
 38039 | WizLab   | Gained mutation: You sometimes lose your temper in combat.
                  | [a neqoxec]
 38040 | WizLab   | Lost mutation: You sometimes lose your temper in combat.
                  | [potion of mutation]
 38040 | WizLab   | Gained mutation: Your spells are a little easier to cast,
                  | but a little less powerful. [potion of mutation]
 38040 | WizLab   | Gained mutation: You have a pair of small horns on your
                  | head. [potion of mutation]
 38040 | WizLab   | Gained mutation: You are partially covered in iridescent
                  | scales. (AC +2) [potion of mutation]
 38166 | WizLab   | Noticed Neutuyh
 38173 | WizLab   | Killed Neutuyh the Hellbinder
 38194 | WizLab   | Found a burning altar of Makhleb.
 38212 | WizLab   | Got Sif Muna's Atlas of the Flock
 38214 | WizLab   | Identified the ring "Orghoff Veex" {rC++ rN+++ Str-5 SInv}
 38216 | WizLab   | Identified the amulet "Fiowoc" {RegenMP Int+4 Dex+4}
 38222 | WizLab   | Identified the ring "Isoeh" {rElec Dex+6 Stlth+}
 38246 | WizLab   | Identified the +0 cloak of Space {Regen+ Int-2 Dex+3}
 38251 | WizLab   | Identified the +0 flail "Rysuod" {drain, Int+2}
 38385 | Vaults:4 | Found Oryluppa's Antique Armour Shop.
 38412 | Vaults:4 | Reached XP level 22. HP: 133/133 MP: 23/23
 38412 | Vaults:4 | Reached XP level 23. HP: 138/138 MP: 24/24
 38508 | Vaults:4 | Found Quben's Magic Scroll Boutique.
 38516 | Vaults:4 | Identified the +1 robe of the Devil's Team {rElec Int+2}
 39077 | Vaults:4 | Noticed Zenata
 39109 | Vaults:4 | Killed Zenata
 39217 | Vaults:4 | Noticed Jory
 39231 | Vaults:4 | Killed Jory
 39464 | Vaults:3 | Found Juilileb's Weapon Emporium.
 39482 | Vaults:3 | Noticed Mennas
 39513 | Vaults:3 | Killed Mennas
 40861 | Shoals:3 | Identified Roxanne's Octavo of Transmogrification
 40861 | Shoals:3 | Noticed Roxanne
 40886 | Shoals:3 | Killed Roxanne
 40964 | Shoals:3 | Killed Ilsuiw
 41191 | Shoals:4 | Reached skill level 21 in Fighting
 41280 | Shoals:4 | Identified the +7 glaive "Meobrin" {holy, Fly MP+9 Str+2
                  | SInv}
 41755 | Shoals:4 | Got a barnacled rune of Zot
 42387 | Elf:3    | Identified the +5 battleaxe of the Fool {flame, MP+9 SInv}
 42400 | Elf:3    | Reached skill level 15 in Shields
 42401 | Elf:3    | Identified the +6 morningstar "Otuliat" {elec, *Slow rC++
                  | Int+3}
 42404 | Elf:3    | Reached XP level 24. HP: 145/145 MP: 24/24
 42437 | Elf:3    | Identified the amulet of Megalomania {Regen+ Str+2 Stlth+}
 42748 | Elf:3    | Found the +12 glaive of Prune {freeze, Prune}
 42826 | Elf:3    | Identified the +4 shortbow of Voacuicepho {drain, Fragile
                  | rF++ Dex+2}
 42835 | Elf:3    | Identified the +4 shortbow of the Penguin {speed, Int+3}
 42854 | Elf:3    | Identified the staff of cold "Rytes" {rC+ Int+4 Dex+4}
 42859 | Elf:3    | Identified the staff of poison "Exkut" {rPois rN+}
 43139 | Depths:1 | Entered Level 1 of the Depths
 43350 | Depths:1 | Noticed Louise
 43494 | Depths:1 | Reached skill level 22 in Fighting
 43556 | Depths:1 | Killed Louise
 43756 | Depths:1 | Found a one-way gateway to a ziggurat.
 43771 | Depths:1 | Found a one-way gate to the infinite horrors of the Abyss.
 43814 | Depths:1 | Found a sacrificial altar of Ru.
 43835 | Depths:1 | Found a gateway to Hell.
 44125 | Depths:1 | Identified the +1 plate armour "Faffup" {Rampage rElec}
 44273 | Depths:1 | Found a burning altar of Makhleb.
 44281 | Depths:1 | Found the +3 pair of seven-league boots {Rampage+∞}
 44284 | Depths:1 | Identified the +0 pair of gloves "Geuc" {Regen+ rCorr Int+3
                  | Slay-3}
 44302 | Depths:1 | Identified the +7 falchion of Indignation {spect, Fragile
                  | +Blink rElec Stlth+}
 44478 | Depths:1 | Reached skill level 23 in Fighting
 44731 | Depths:2 | Found a one-way gate leading to the halls of Pandemonium.
 44774 | Depths:2 | Identified the +10 plate armour of Perfidy {Will+ Str+2
                  | Dex+3}
 45223 | Depths:2 | Reached XP level 25. HP: 154/154 MP: 24/24
 45389 | Depths:2 | Identified the +5 trident of the Wraith {flame, rF- Will+++
                  | rCorr Dex+3}
 45652 | Depths:3 | Found a portal to a secret trove of treasure.
 45655 | Depths:3 | Noticed the Enchantress
 45751 | Depths:4 | Entered Level 4 of the Depths
 45925 | Depths:3 | Identified the +4 spear "Cead Figu" {freeze, *Rage rPois
                  | Will++ Int+3}
 46191 | Depths:3 | Noticed a shard shrike
 46191 | Depths:3 | Identified the +2 battleaxe of Mana {freeze, Drain rN++
                  | Str+3}
 46200 | Depths:3 | Noticed a shard shrike
 46209 | Depths:3 | Killed a shard shrike
 46210 | Depths:3 | Killed a shard shrike
 46215 | Depths:3 | Noticed a shard shrike
 46222 | Depths:3 | Killed a shard shrike
 46384 | Depths:3 | Noticed Mara
 46404 | Depths:3 | Noticed Chodeload's illusion
 46409 | Depths:3 | Killed Mara
 46560 | Depths:3 | Killed the Enchantress
 46795 | Depths:4 | Found a white marble altar of Elyvilon.
 47148 | Depths:4 | Reached skill level 24 in Fighting
 47427 | Depths:4 | Found a gate to the Realm of Zot.
 48533 | Snake:4  | Bought a scroll of teleportation for 36 gold pieces
 48533 | Snake:4  | Bought a scroll of enchant weapon for 90 gold pieces
 48533 | Snake:4  | Bought a scroll of magic mapping for 90 gold pieces
 48971 | Vaults:5 | Entered Level 5 of the Vaults
 48977 | Vaults:5 | Noticed Boris
 48985 | Vaults:5 | Killed Boris
 49010 | Vaults:5 | Identified the +2 scale mail "Zoufuumm" {rElec Will+ Int-5
                  | Dex+3}
 49039 | Abyss:3  | Cast into level 3 of the Abyss (vault warden)
 49055 | Abyss:3  | Found a corrupted altar of Lugonu.
 49076 | Vaults:5 | Escaped the Abyss
 49078 | Vaults:5 | Reached XP level 26. HP: 105/163 MP: 24/24
 49110 | Vaults:5 | Identified the +6 shortbow "Muisy" {freeze, rElec Will-
                  | SInv}
 49190 | Vaults:5 | Identified the ring "Pikue" {rPois Will+ Dex+3}
 49203 | Vaults:5 | Reached skill level 25 in Fighting
 49244 | Vaults:5 | Identified the +0 pair of gloves "Giaff" {Harm Dex+2}
 49684 | Vaults:5 | Got a silver rune of Zot
 49823 | Vaults:5 | Got Sif Muna's Reference Book on Evolved Clouds
 49828 | Vaults:5 | Got the Discourse on Fever and the Shapeshifter
 49852 | Vaults:5 | Identified the +1 ring mail "Vatisch" {rC+}
 49865 | Vaults:5 | Reached skill level 26 in Fighting
 50059 | Vaults:5 | Noticed a dread lich
 50064 | Vaults:5 | Killed a dread lich
 50764 | Zot:1    | Entered Level 1 of the Realm of Zot
 50953 | Zot:1    | Found Dyntir's Changing Room.
 51181 | Zot:1    | Identified the +1 longbow of Okawaru {flame, rPois Will+++}
 51723 | Zot:1    | Reached skill level 27 in Fighting
 51728 | Zot:1    | Reached skill level 1 in Spellcasting
 51753 | Zot:1    | Reached XP level 27. HP: 174/174 MP: 28/28
 51923 | Zot:2    | Reached skill level 5 in Spellcasting
 52556 | Zot:2    | Acquired a manual of Armour
 52828 | Zot:3    | You fall into a shaft and drop 1 floor!
 52907 | Zot:5    | Entered Level 5 of the Realm of Zot
 53210 | Zot:3    | Reached skill level 15 in Armour
 53564 | Zot:4    | Identified the ring of Buchis {Ice Fly}
 53564 | Zot:4    | Noticed Josephina
 53571 | Zot:4    | Killed Josephina
 53854 | Zot:5    | Noticed an orb of fire
 53855 | Zot:5    | Noticed an orb of fire
 53855 | Zot:5    | Noticed an orb of fire
 53855 | Zot:5    | Gained mutation: You occasionally lose the ability to read
                  | scrolls when taking damage. [an orb of fire]
 54207 | Crypt:1  | Entered Level 1 of the Crypt
 54269 | Crypt:1  | Found an ancient bone altar of Kikubaaqudgha.
 54300 | Crypt:1  | Noticed Boris
 54304 | Crypt:1  | Killed Boris
 54372 | Crypt:1  | Noticed Vv
 54388 | Crypt:1  | Killed Vv
 54488 | Crypt:1  | Noticed Jetyrhek's ghost (veteran GrEE)
 54488 | Crypt:1  | Noticed Vailuoroe's ghost (veteran GrEE)
 54533 | Crypt:1  | Noticed a royal mummy
 54692 | Crypt:1  | Found a transporter.
 54692 | Crypt:1  | Found a transporter.
 54696 | Crypt:1  | Identified the amulet of Neurosis {rPois rC+ Will+ Regen+}
 55091 | Crypt:3  | Entered Level 3 of the Crypt
 55693 | Crypt:3  | Found a staircase to the Tomb.
 55872 | Crypt:3  | Identified the +0 hand axe of Regicide {chaos, Drain
                  | Fragile Dex+8 SInv}
 55933 | Crypt:3  | Identified the +0 pair of gloves of Parlour Games {-Cast
                  | rElec rCorr Str+3}
 55945 | Crypt:3  | Found an ancient bone altar of Kikubaaqudgha.
 55969 | Crypt:3  | Noticed a royal mummy
 55977 | Crypt:3  | Noticed a royal mummy
 56006 | Crypt:3  | Upgraded the game from 0.30.0-16-gbe6223bb7e to
                  | 0.30.0-17-ge0270778cf
 56048 | Crypt:3  | Noticed Khufu
 56052 | Crypt:3  | Killed a royal mummy
 56057 | Crypt:3  | Killed Khufu
 56064 | Crypt:3  | Killed a royal mummy
 56272 | Crypt:3  | Identified the staff of death "Ymmiuwk" {rN+ MP+9 Str-5
                  | Dex+2}
 56938 | Slime:1  | Entered Level 1 of the Pits of Slime
 57140 | Slime:1  | You fall into a shaft and drop 1 floor!
 57172 | Slime:4  | Noticed Dissolution
 57174 | Slime:4  | Killed Dissolution
 57251 | Slime:1  | Gained mutation: You occasionally shout uncontrollably at
                  | your foes. [a shining eye]
 57342 | Slime:5  | Entered Level 5 of the Pits of Slime
 57473 | Slime:5  | Noticed the Royal Jelly
 57882 | Slime:5  | Gained mutation: You are frail. (-10% HP) [a shining eye]
 57890 | Slime:5  | Gained mutation: You are vulnerable to cold. (rC-) [a
                  | shining eye]
 57966 | Slime:4  | Lost mutation: You occasionally shout uncontrollably at
                  | your foes. [potion of mutation]
 57966 | Slime:4  | Lost mutation: You have a pair of small horns on your head.
                  | [potion of mutation]
 57966 | Slime:4  | Lost mutation: You are partially covered in iridescent
                  | scales. (AC +2) [potion of mutation]
 57966 | Slime:4  | Gained mutation: You expend magic power (3 MP) to
                  | strengthen your wands. [potion of mutation]
 57966 | Slime:4  | Gained mutation: Armour fits poorly on your strangely
                  | shaped body. [potion of mutation]
 57966 | Slime:4  | Gained mutation: You are partially covered in large bone
                  | plates. (SH +4) [potion of mutation]
 57967 | Slime:4  | Lost mutation: You occasionally lose the ability to read
                  | scrolls when taking damage. [potion of mutation]
 57967 | Slime:4  | Lost mutation: You are vulnerable to cold. (rC-) [potion of
                  | mutation]
 57967 | Slime:4  | Lost mutation: You are partially covered in large bone
                  | plates. (SH +4) [potion of mutation]
 57967 | Slime:4  | Gained mutation: You have a pair of small horns on your
                  | head. [potion of mutation]
 57967 | Slime:4  | Gained mutation: You have supernaturally acute eyesight.
                  | (SInv) [potion of mutation]
 57968 | Slime:4  | Lost mutation: You have supernaturally acute eyesight.
                  | (SInv) [potion of mutation]
 57968 | Slime:4  | Lost mutation: Armour fits poorly on your strangely shaped
                  | body. [potion of mutation]
 57968 | Slime:4  | Lost mutation: You are frail. (-10% HP) [potion of
                  | mutation]
 57968 | Slime:4  | Gained mutation: You are partially covered in large bone
                  | plates. (SH +4) [potion of mutation]
 57968 | Slime:4  | Gained mutation: You are frail. (-10% HP) [potion of
                  | mutation]
 57968 | Slime:4  | Gained mutation: Your spells are easier to cast, but less
                  | powerful. [potion of mutation]
 57969 | Slime:4  | Lost mutation: You expend magic power (3 MP) to strengthen
                  | your wands. [potion of mutation]
 57969 | Slime:4  | Lost mutation: Your spells are easier to cast, but less
                  | powerful. [potion of mutation]
 57969 | Slime:4  | Lost mutation: You are partially covered in large bone
                  | plates. (SH +4) [potion of mutation]
 57970 | Slime:4  | Lost mutation: You are frail. (-10% HP) [potion of
                  | mutation]
 57970 | Slime:4  | Lost mutation: You have a pair of small horns on your head.
                  | [potion of mutation]
 57970 | Slime:4  | Lost mutation: Your spells are a little easier to cast, but
                  | a little less powerful. [potion of mutation]
 57970 | Slime:4  | Gained mutation: Your muscles are strong. (Str +4, Int/Dex
                  | -1) [potion of mutation]
 57970 | Slime:4  | Gained mutation: You are frail. (-10% HP) [potion of
                  | mutation]
 57971 | Slime:4  | Lost mutation: You are frail. (-10% HP) [potion of
                  | mutation]
 57971 | Slime:4  | Lost mutation: Your muscles are strong. (Str +4, Int/Dex
                  | -1) [potion of mutation]
 57971 | Slime:4  | Gained mutation: Your muscles are strong. (Str +4, Int/Dex
                  | -1) [potion of mutation]
 57971 | Slime:4  | Gained mutation: You have hidden genetic defects. [potion
                  | of mutation]
 57971 | Slime:4  | Gained mutation: You sometimes lose your temper in combat.
                  | [potion of mutation]
 57972 | Slime:4  | Lost mutation: You sometimes lose your temper in combat.
                  | [potion of mutation]
 57972 | Slime:4  | Lost mutation: Your muscles are strong. (Str +4, Int/Dex
                  | -1) [potion of mutation]
 57972 | Slime:4  | Gained mutation: You are clumsy. (Dex -2) [potion of
                  | mutation]
 57972 | Slime:4  | Gained mutation: You have large cloven feet. [potion of
                  | mutation]
 57973 | Slime:4  | Lost mutation: You have large cloven feet. [potion of
                  | mutation]
 57973 | Slime:4  | Lost mutation: You are clumsy. (Dex -2) [potion of
                  | mutation]
 57973 | Slime:4  | Lost mutation: You have hidden genetic defects. [potion of
                  | mutation]
 57973 | Slime:4  | Gained mutation: You are clumsy. (Dex -2) [potion of
                  | mutation]
 57973 | Slime:4  | Lost mutation: You are clumsy. (Dex -2) [potion of
                  | mutation]
 57973 | Slime:4  | Gained mutation: You possess an exceptional clarity of
                  | mind. [potion of mutation]
 58030 | Slime:5  | Killed the Royal Jelly
 58074 | Slime:5  | Identified the ring of Cyedah {rC+ MP+9 Int+2 Slay+2}
 58101 | Slime:5  | Identified the +0 plate armour "Ustricha" {Harm Int+3
                  | Slay+3}
 58124 | Slime:5  | Identified the +3 arbalest of Irksome Offence {speed, rPois
                  | rCorr Str-4 Int+3}
 58138 | Slime:5  | Identified the ring "Duettax" {rElec Str+6}
 58142 | Slime:5  | Got a slimy rune of Zot
 58171 | Slime:5  | Identified the +8 scimitar "Plog" {flame, Str+2}
 59190 | Snake:1  | Bought a potion of mutation for 96 gold pieces
 59190 | Snake:1  | Bought a potion of mutation for 96 gold pieces
 59190 | Snake:1  | Bought a potion of mutation for 96 gold pieces
 59190 | Snake:1  | Bought 2 potions of curing for 72 gold pieces
 59190 | Snake:1  | Bought a potion of flight for 36 gold pieces
 59196 | Snake:1  | Bought a ring of protection from fire for 300 gold pieces
 59199 | Snake:1  | Bought a potion of flight for 45 gold pieces
 59329 | Snake:4  | Bought a potion of mutation for 112 gold pieces
 59352 | Snake:4  | Bought a potion of curing for 84 gold pieces
 59352 | Snake:4  | Bought a scroll of teleportation for 84 gold pieces
 59352 | Snake:4  | Bought a potion of curing for 84 gold pieces
 59894 | Zig:1    | Entered Level 1 of a ziggurat
 59964 | Zig:2    | Entered Level 2 of a ziggurat
 59985 | Zig:3    | Entered Level 3 of a ziggurat
 60018 | Zig:4    | Entered Level 4 of a ziggurat
 60028 | Zig:4    | Identified the +2 robe of Ibyetebu {rF+ rC+ SInv Stlth-}
 60033 | Zig:4    | Identified the ring "Esonlomn" {+Blink Str+6 Dex+3}
 60044 | Zig:5    | Entered Level 5 of a ziggurat
 60076 | Zig:6    | Entered Level 6 of a ziggurat
 60154 | Zig:7    | Entered Level 7 of a ziggurat
 60193 | Zig:7    | Identified the amulet of Vechusiq {Reflect Dex+3 SH+5}
 60207 | Zig:7    | Identified the staff of fire "Buykk" {rF+ rN+}
 60236 | Zig:8    | Entered Level 8 of a ziggurat
 60241 | Zig:8    | Found the +8 demon trident "Rift" {distort, reach+}
 60418 | Zig:8    | Acquired the scarf "Qebbonif" {rC+ rF+, SInv}
 60447 | Zig:9    | Entered Level 9 of a ziggurat
 60472 | Zig:9    | Found the +12 pair of quick blades "Gyre" and "Gimble"
                  | {protect}
 60500 | Zig:9    | Got the Notes on Kinetic Refrigeration
 60561 | Zig:10   | Entered Level 10 of a ziggurat
 60568 | Zig:10   | Found the ring of the Mage {Wiz Archmagi}
 60634 | Zig:10   | Identified the +0 scale mail of the Jabberwock {Drain rPois
                  | Regen+ MP+9}
 60657 | Zig:11   | Entered Level 11 of a ziggurat
 60666 | Zig:11   | Noticed an ancient lich
 60674 | Zig:11   | Killed an ancient lich
 60692 | Zig:11   | Got Heod Weus's Cyclopedia of the Blasted Traveller
 60741 | Zig:12   | Entered Level 12 of a ziggurat
 60792 | Zig:12   | Identified the ring "Visyxius" {rElec rPois rC+ Int+5
                  | Stlth+}
 60800 | Zig:12   | Identified the ring of Zenacrics {Str+3 Int-3 Dex+6 Slay+3}
 60861 | Zig:13   | Entered Level 13 of a ziggurat
 60866 | Zig:13   | Found the +2 Maxwell's thermic engine {flame, freeze, rev}
 60874 | Zig:14   | Entered Level 14 of a ziggurat
 60955 | Zig:14   | Identified the +0 longbow of Gozojaef {flame, Dex+7}
 60960 | Zig:14   | Identified the staff of earth "Rexofir" {rElec Dex+3}
 60968 | Zig:14   | Identified the staff of cold "Mocisol" {Contam rC+ Dex+5}
 60987 | Zig:15   | Entered Level 15 of a ziggurat
 61074 | Zig:15   | Identified the ring "Lylaepli" {rElec AC+4 Str+6 Dex-4
                  | SInv}
 61547 | Depths:3 | You paid a toll of +2 shadow dragon scales to enter a
                  | treasure trove
 61548 | Trove    | Entered a treasure trove
 61595 | Trove    | Got Sif Muna's Atlas of Execration and Toxicants
 62117 | Zot:5    | Noticed an orb of fire
 62123 | Zot:5    | Killed an orb of fire
 62124 | Zot:5    | Reached skill level 5 in Evocations
 62140 | Zot:5    | Gained mutation: You are occasionally teleported next to
                  | monsters. [an orb of fire]
 62141 | Zot:5    | Lost mutation: You possess an exceptional clarity of mind.
                  | [potion of mutation]
 62141 | Zot:5    | Lost mutation: You are occasionally teleported next to
                  | monsters. [potion of mutation]
 62141 | Zot:5    | Gained mutation: You are strong-willed. (Will+) [potion of
                  | mutation]
 62141 | Zot:5    | Gained mutation: Your spells are a little harder to cast,
                  | but a little more powerful. [potion of mutation]
 62141 | Zot:5    | Gained mutation: You are somewhat resistant to further
                  | mutation. [potion of mutation]
 62145 | Zot:5    | Killed an orb of fire
 62145 | Zot:5    | Gained mutation: You are clumsy. (Dex -2) [an orb of fire]
 62151 | Zot:5    | Killed an orb of fire
 62154 | Zot:5    | Killed an orb of fire
 62320 | Zot:5    | Learned a level 1 spell: Apportation
 62323 | Zot:5    | Learned a level 2 spell: Blink
 62330 | Zot:5    | Learned a level 6 spell: Statue Form
 62335 | Zot:5    | Learned a level 4 spell: Manifold Assault
 62349 | Zot:5    | Reached skill level 1 in Translocations
 62412 | Zot:5    | Reached skill level 5 in Translocations
 62450 | Zot:5    | Noticed a dread lich
 62459 | Zot:5    | Killed a dread lich
 62484 | Zot:5    | Noticed an orb of fire
 62487 | Zot:5    | Noticed a dread lich
 62490 | Zot:5    | Noticed an ancient lich
 62491 | Zot:5    | Noticed a dread lich
 62494 | Zot:5    | Killed an orb of fire
 62501 | Zot:5    | Killed a dread lich
 62502 | Zot:5    | Reached skill level 10 in Translocations
 62503 | Zot:5    | Killed a dread lich
 62749 | Zot:5    | Noticed an ancient lich
 62760 | Zot:5    | Killed an ancient lich
 62990 | Zot:5    | Noticed an ancient lich
 63004 | Zot:5    | Killed an ancient lich
 63005 | Zot:5    | Reached skill level 15 in Dodging
 63045 | Zot:5    | Noticed an orb of fire
 63055 | Zot:5    | Killed an orb of fire
 63076 | Zot:5    | Reached skill level 10 in Evocations
 63169 | Zot:5    | Noticed an orb of fire
 63178 | Zot:5    | Killed an orb of fire
 63192 | Zot:5    | Noticed an ancient lich
 63205 | Zot:5    | Killed an ancient lich
 63206 | Zot:5    | Reached skill level 5 in Throwing
 63206 | Zot:5    | Noticed a dread lich
 63213 | Zot:5    | Killed a dread lich
 63285 | Zot:5    | Got the Orb of Zot
 63438 | Depths:1 | Noticed Rudaacau the pandemonium lord
 63594 | D:9      | Noticed Soeng the pandemonium lord
 63731 | D:$      | Escaped with the Orb!

Illustrated notes

Levels and vault maps discovered:
D:1:      dpeg_arrival_tiny_a, layout_loops_ring,
          hellmonk_ecumenical_altar_zigzags
D:2:      layout_loops_corners
D:3:      layout_loops_ring, mainiacjoe_overflow_alcove_2,
          minmay_misc_feat_columns
D:4:      layout_layer_cave, mainiacjoe_overflow_boulevard,
          nicolae_tso_swordbearing_angel, minmay_temple_entry_drinking_statues,
          uniq_sigmund, uniq_natasha
D:5:      layout_loops_ring, mainiacjoe_overflow_alcove_4, serial_shops,
          nicolae_square_shop, portal_sewer_entry_c, minmay_misc_feat_plants,
          uniq_grinder
D:6:      layout_cave_pods, uniq_edmund
D:7:      layout_basic
D:8:      cheibrodos_shockbox, layout_rooms, lemuel_doored_altar,
          chequers_ossuary_entry_cave, uniq_erica
D:9:      layout_loops_ring, lemuel_tele_altar, mainiacjoe_overflow_chevrons
D:10:     layout_loops_cross, fedhas_altar_3, ashenzari_altar_1,
          minmay_lair_entry_grove, enter_bailey_2
D:11:     layout_basic
D:12:     layout_cave_pools, david_orc_1_choice, nicolae_water_bricks,
          uniq_nergalle, uniq_sonja
D:13:     layout_cave_pods, ximxim_vaults_locker_room, uniq_rupert, uniq_urug
D:14:     layout_basic, nrook_uturn, kennysheep_generic_room_10
D:15:     gammafunk_enter_depths_forms, layout_long_grid,
          kiku_gazebo_garden_becter
Temple:   nicolae_temple_god_jail
Lair:1:   layout_long_grid, gammafunk_ghost_ooze
Lair:2:   layout_cave_pods, minmay_shoals_entry_centaurs,
          guppyfry_snake_entry_garden, portal_ice_cave_entry_ice_simulacra,
          uniq_amaemon
Lair:3:   layout_cave_pods
Lair:4:   layout_regular_city, serial_bayou, serial_bayou_pond_c,
          serial_bayou_lake_a, serial_bayou_lagoon_a, serial_bayou_pond_a,
          serial_bayou_shore_a
Lair:5:   evilmike_catoblepas_cave, layout_gridlike, slime_entry_1
Shoals:1: layout_shoals, serial_shops, nicolae_lakefront_shop, uniq_donald,
          uniq_aizul
Shoals:2: layout_shoals, uniq_jorgrun, uniq_nikola, uniq_polyphemus
Shoals:3: layout_shoals, argonaut_gorgonesque, uniq_ilsuiw, uniq_mlioglotl,
          uniq_roxanne
Shoals:4: shoals_end_simple, layout_shoals, hangedman_shoals_cup_caves
Snake:1:  layout_basic, grunt_ministairs_14, minmay_shoptagon, uniq_kirke
Snake:2:  layout_cave_pods, nicolae_snake_snake_lake
Snake:3:  nicolae_snake_unarmed_stairs_patrol, layout_cave_pods,
          hangedman_snake_corridor_cut
Snake:4:  grunt_snake_rune_serpentine_throne, layout_cave_town, serial_shops,
          shop, grunt_ministairs_10, nicolae_snake_serpentine_bazaar
Slime:1:  layout_caves
Slime:2:  layout_caves
Slime:3:  layout_caves
Slime:4:  layout_caves, dissolution_awaits
Slime:5
Orc:1:    layout_caves, nicolae_shop_overcharged_wands
Orc:2:    grunt_orc_community_town_hall, layout_caves,
          grunt_orc_community_big_house_2, grunt_orc_community_big_house_1,
          grunt_orc_community_house_1, grunt_orc_community_house_3,
          grunt_orc_community_house_3, grunt_orc_community_house_1,
          grunt_orc_community_house_2, lightli_volcano_entry_magma_tube,
          serial_shops, shop
Elf:1:    elf_arrival_001, layout_onion_city, kennysheep_underground_church,
          drop_trap, minivault_25_ag, onia_ninara_cookie
Elf:2:    nicolae_elf_blades_splatter_lattice
          [nicolae_blade_entry_floor_patterns], layout_loops_cross, basic_altar
Elf:3:    minmay_elf_hall_statues, layout_onion_city, nicolae_shop_clearance
Vaults:1: vaults_dpeg_encased_lava, nicolae_vaults_taking_the_gang_shopping,
          nicolae_vaults_double_plus_1, nicolae_vaults_border_crossing,
          v_misc_9, nicolae_vaults_little_squares_4,
          nicolae_vaults_double_plus_3, ontoclasm_vaults_hangar,
          nicolae_vaults_specimen_jars, nicolae_vaults_mitosis,
          nicolae_vaults_trapezoid_2, nicolae_vaults_security_offices_6,
          nicolae_vaults_network_square, nicolae_vaults_little_squares_2,
          nicolae_vaults_double_plus_1, layout_vaults_ring, serial_shops,
          bzr_entry_customers, uniq_asterion
Vaults:2: nicolae_vaults_shrinking_rooms_2, v_misc_30,
          nicolae_vaults_double_plus_1, st_lines,
          minmay_crypt_entry_skeletal_spiral, v_rooms_3,
          grunt_vaults_hallway_short, nicolae_vaults_rhombus_7,
          vaults_room_corners, hangedman_vaults_trim, nicolae_vaults_house_2,
          layout_vaults_omnibox, uniq_xtahua
Vaults:3: v_misc_15, vaults_dpeg_doors, nicolae_vaults_house_2,
          nicolae_vaults_surprise_closet, v_rooms_5,
          nicolae_vaults_little_squares_1, nicolae_vaults_trapezoid_4,
          nicolae_vaults_little_squares_5, v_misc_30, layout_vaults_omnigrid,
          serial_shops, shop, uniq_mennas, uniq_frederick
Vaults:4: infiniplex_enter_wizlab_glasses, nicolae_vaults_oval_intersection,
          nicolae_vaults_puzzle_piece, grunt_vaults_trifunnel,
          vaults_mumra_minichess_inversion, nicolae_vaults_an_arrangement,
          nicolae_vaults_ellipses_ellipsis, nicolae_vaults_little_ls,
          hangedman_vaults_corner, nicolae_vaults_swerve, v_misc_23,
          hangedman_vaults_locks, vaults_dpeg_diagonal,
          nicolae_vaults_tetromino_L_1, layout_vaults_maze, serial_shops,
          nicolae_shop_tiny_waterfront, shop, uniq_jory, uniq_zenata
Vaults:5: uniq_boris
Crypt:1:  layout_misc_corridors, nzn_ghost_randoct, basic_altar, minivault_25,
          uniq_vv
Crypt:2:  layout_misc_corridors, lemuel_dead_fish_pool
Crypt:3:  church_of_pain_bobbens, layout_chaotic_city, minmay_strange_pillars,
          uniq_khufu
Depths:1: evilmike_makhleb_hellhole, layout_cave_pools, enter_ziggurat_c,
          hell_entry, hangedman_ru_absence,
          nicolae_abyss_entry_one_way_or_another, serial_bayou,
          serial_bayou_pond_c, serial_bayou_pond_c, serial_bayou_shore_b,
          serial_bayou_ford_a, minmay_holes
Depths:2: minmay_chopped_fan, layout_cave_pools, rand_demon_pan_entry_4,
          minmay_misc_feat_alley, minmay_room_of_horrors,
          hangedman_tar_grid_catacomb, minmay_misc_feat_rugged,
          infiniplex_staircase_spiral
Depths:3: minmay_coctagon, layout_basic, chequers_serial_rivers_large_b,
          enter_trove_1, hell_entry, abyss_entry, infiniplex_staircase_diamond,
          uniq_enchantress, uniq_mara
Depths:4: grunt_x_marks_the_spot, layout_gridlike, elyvilon_altar_4,
          hellmouth_1, uniq_parghit
Zot:1:    nicolae_moth_party, layout_gridlike, st_small_dragon_hoard_2,
          nicolae_transmutations_shop
Zot:2:    layout_onion_interference, grunt_megastairs_2
Zot:3:    layout_concentric_octagons, hangedman_zot_decor_slant,
          grunt_ministairs_2, hangedman_zot_gyre
Zot:4:    layout_gridlike, uniq_josephina
Zot:5:    layout_gridlike, lemuel_lake_of_fire

Skill      XL: |  1  2  3  4  5  6  7  8  9 10 11 12 13 14 15 16 17 18 19 20 21 22 23 24 25 26 27 |
---------------+----------------------------------------------------------------------------------+-----
Polearms       | 2 |  2.6
Fighting       | 2 3 4 6 8 9 10 13 15 16 18 20 21 23 24 27 | 27.0
Shields        | 1 2 4 5 7 10 11 15 16 20 | 20.0
Long Blades    | 1 2 3 5 7 9 12 14 15 18 20 23 | 23.3
Dodging        | 3 4 6 7 10 12 15 | 15.0
Armour         | 3 4 6 9 10 12 17 | 17.4
Stealth        | 5 6 7 10 16 | 16.3
Ranged Weapons | 3 6 8 10 | 10.0
Spellcasting   | 2 5 |  5.0
Evocations     | 10 | 10.1
Translocations | 12 | 12.0
Throwing       | 7 |  7.2
Staves         | |  1.7

Action                     |  1- 3 |  4- 6 |  7- 9 | 10-12 | 13-15 | 16-18 | 19-21 | 22-24 | 25-27 || total
---------------------------+-------+-------+-------+-------+-------+-------+-------+-------+-------++-------
  Melee: Spear             |    99 |    10 |       |       |       |       |       |       |       ||   109
         Bite              |    19 |    21 |    91 |   211 |   254 |   415 |   723 |   403 |  1199 ||  3336
         Punch             |     2 |       |       |       |       |       |       |       |       ||     2
         Long sword        |       |    72 |   299 |    34 |       |       |       |       |       ||   405
         Scimitar          |       |       |       |   548 |   297 |   420 |  1488 |       |       ||  2753
         Great sword       |       |       |       |       |   444 |   625 |       |       |       ||  1069
         Double sword      |       |       |       |       |       |       |   197 |   909 |  2427 ||  3533
         Headbutt          |       |       |       |       |       |       |    23 |   286 |   634 ||   943
         Eudemon blade     |       |       |       |       |       |       |       |    50 |    21 ||    71
   Fire: Hand crossbow     |       |       |       |       |   492 |   601 |    76 |    60 |    10 ||  1239
  Throw: Throwing net      |       |       |     1 |     2 |       |       |     2 |     1 |       ||     6
         Dart              |       |       |       |    12 |    18 |     2 |     8 |     5 |       ||    45
         Javelin           |       |       |       |       |       |       |       |     3 |       ||     3
   Cast: Blink             |       |       |       |       |       |       |       |       |     1 ||     1
 Invoke: Serpent's Lash    |       |       |       |     5 |     6 |    18 |    20 |     9 |    21 ||    79
         Heavenly Storm    |       |       |       |     1 |       |       |     2 |       |     2 ||     5
Ability: Lunge             |       |     2 |    14 |    35 |    28 |    46 |    84 |    50 |     6 ||   265
         Whirlwind         |       |       |     2 |    77 |   438 |   513 |   640 |   267 |   595 ||  2532
         Wall Jump         |       |       |       |     4 |    15 |    10 |     7 |     5 |       ||    41
  Evoke: Wand              |       |     9 |     3 |     8 |     4 |       |     1 |       |     8 ||    33
    Use: Scroll            |     3 |       |     3 |    10 |     9 |     7 |    18 |     2 |    73 ||   125
         Potion            |       |       |       |       |       |       |     2 |     1 |    33 ||    36
   Stab: Sleeping          |     5 |       |     2 |    15 |     9 |     7 |     5 |       |     5 ||    48
         Held in net/web   |       |       |     2 |     3 |       |       |     4 |     2 |       ||    11
         Distracted        |       |       |       |       |     3 |     1 |     2 |     2 |     6 ||    14
         Confused          |       |       |       |       |       |       |       |       |     4 ||     4
         Invisible         |       |       |       |       |       |       |       |       |     3 ||     3
 Armour: Leather armour    |    14 |       |       |       |       |       |       |       |       ||    14
         Scale mail        |       |    22 |    49 |       |       |   154 |   208 |       |       ||   433
         Troll leather arm |       |       |    77 |     7 |       |       |       |       |       ||    84
         Robe              |       |       |       |   123 |   203 |    46 |       |       |       ||   372
         Chain mail        |       |       |       |       |       |   205 |       |       |       ||   205
         Plate armour      |       |       |       |       |       |       |   497 |   673 |   734 ||  1904
  Dodge: Dodged            |    23 |    28 |   144 |   185 |   601 |   566 |   540 |   439 |  1045 ||  3571
  Block: Buckler           |       |    22 |    98 |   111 |    54 |       |       |       |       ||   285
         Kite shield       |       |       |       |       |       |   269 |  1000 |   586 |       ||  1855
         Tower shield      |       |       |       |       |       |       |       |   504 |  2902 ||  3406
         Reflection        |       |       |       |       |       |       |       |     9 |    43 ||    52
